 Dungeon Crawl Stone Soup version 0.25.0-37-gb73750e0fb (webtiles) character file.

Game seed: 6029199003697001151

5264 MisterFreud the Thaumaturge (level 10, -4/68 HPs)
             Began as a Demonspawn Ice Elementalist on July 8, 2020.
             Was an Initiate of Gozag.
             Slain by a death yak (30 damage)
             ... on level 9 of the Dungeon.
             The game lasted 00:22:55 (9253 turns).

MisterFreud the Thaumaturge (DsIE)                  Turns: 9253, Time: 00:22:56

Health: -4/68      AC: 17    Str: 12    XL:     10   Next: 36%
Magic:  22/22      EV: 16    Int: 25    God:    Gozag
Gold:   1310       SH:  4    Dex: 11    Spells: 18/25 levels left

rFire    . . .     SeeInvis .   x - +2 war axe of the Thieving Vulture {vorpal, MR+ Str+3 Dex-3}
rCold    . . .     Gourm    .   L - +0 buckler
rNeg     . . .     Faith    .   a - +0 robe
rPois    .         Spirit   .   (helmet restricted)
rElec    .         Reflect  .   (no cloak)
rCorr    .         Harm     .   Q - +2 pair of gloves
MR       ++...                  (no boots)
Stlth    ++........             o - amulet of magic regeneration
HPRegen  0.21/turn              R - +4 ring of protection
MPRegen  0.43/turn              q - +6 ring of intelligence

@: icy armour
A: horns 2, talons 1, repulsion field 1, frail 1, magic resistance 1, powered by
death 3, shaggy fur 1
a: Potion Petition, Call Merchant, Bribe Branch, Renounce Religion


You were on level 9 of the Dungeon.
You worshipped Gozag.
Gozag was most pleased with you.
You were not hungry.

You visited 2 branches of the dungeon, and saw 10 of its levels.
You also visited: Ossuary.

You collected 1349 gold pieces.
You paid 39 gold pieces to Gozag.

Inventory:

Hand Weapons
 s - a +1 long sword of venom
 x - the +2 war axe of the Thieving Vulture (weapon) {vorpal, MR+ Str+3 Dex-3}
   (You found it on level 5 of the Dungeon)

   It inflicts extra damage upon your enemies.
   It affects your strength (+3).
   It affects your dexterity (-3).
   It affects your resistance to hostile enchantments.
Missiles
 w - a throwing net (quivered)
 z - 18 poisoned darts
 F - 3 silver boomerangs
Armour
 a - a +0 robe (worn)
 b - the +10 chain mail of Yniogirr {rF+, unknown}
   (You found it on level 9 of the Dungeon)

   It protects you from fire.
 L - a +0 buckler (worn)
 Q - a +2 pair of gloves (worn)
Jewellery
 g - an uncursed ring of see invisible
 h - an uncursed ring of magical power
 o - an amulet of magic regeneration (around neck)
 q - a +6 ring of intelligence (right hand)
 v - an uncursed ring of wizardry
 y - an uncursed ring of magical power
 R - a +4 ring of protection (left hand)
Wands
 D - a wand of paralysis (6)
 G - a wand of polymorph (4)
 H - a wand of random effects (16)
 I - a wand of flame (11)
 K - a wand of disintegration (13)
 S - a wand of iceblast (8)
Scrolls
 i - a scroll of amnesia
 k - a scroll of fog
 l - 2 scrolls of immolation
 m - 5 scrolls of remove curse
 n - 2 scrolls of identify
 p - a scroll of enchant armour
 r - 5 scrolls of teleportation
 B - 2 scrolls of magic mapping
 J - a scroll of blinking
 M - a scroll of enchant weapon
 N - a scroll of brand weapon
Potions
 d - a potion of ambrosia
 e - a potion of haste
 f - 4 potions of curing
 j - 6 potions of lignification
 t - 2 potions of cancellation
 u - a potion of invisibility
 A - 3 potions of mutation
 O - 2 potions of berserk rage
 P - 2 potions of flight
Comestibles
 c - 13 rations


   Skills:
 - Level 6.0 Fighting
 - Level 6.0 Axes
 + Level 5.4 Dodging
 - Level 1.7 Stealth
 - Level 4.0 Shields
 - Level 8.0 Spellcasting
 - Level 2.0 Charms
 - Level 6.0 Ice Magic


You had 18 spell levels left.
You knew the following spells:

 Your Spells              Type           Power        Failure   Level  Hunger
a - Freeze                Ice            ####         1%          1    None
b - Frozen Ramparts       Ice            #####.       1%          3    None
c - Ozocubu's Armour      Chrm/Ice       ####....     3%          3    None

Your spell library contained the following spells:

 Spells                   Type           Power        Failure   Level  Hunger
 Sandblast                Erth           ##....       6%          1    None
 Passwall                 Tmut/Erth      ##......     9%          2    None
 Hailstorm                Conj/Ice       ####....     17%         4    ##.....
 Summon Ice Beast         Ice/Summ       ####....     17%         4    ##.....
 Stone Arrow              Conj/Erth      ##....       19%         3    None
 Petrify                  Tmut/Erth      ##......     52%         4    ##.....
 Lee's Rapid Deconstruct  Erth           ##........   86%         5    ####...


Dungeon Overview and Level Annotations

Branches:
Dungeon (9/15)             Temple (1/1) D:4         Ossuary (visited)
   Lair: D:8-11         Orc: D:9-12

Altars:
Ashenzari
Cheibriados
Dithmenos
Elyvilon
Fedhas
Gozag
Hepliaklqana
Kikubaaqudgha
Makhleb
Nemelex Xobeh
Okawaru
Ru
Sif Muna
Trog
Uskayaw
Vehumet
Wu Jian
Xom
Yredelemnul
Zin
The Shining One

Shops:
D:5 =

Portals:
Abyss: D:7

Annotations:
D:7 2 transporters


Innate Abilities, Weirdness & Mutations

You have a pair of horns on your head.
You are surrounded by a mild repulsion field. (EV +2)
You regenerate a lot of health from kills.
You have sharp toenails.
You are frail. (-10% HP)
You are resistant to hostile enchantments. (MR+)
You are covered in fur. (AC +1)


Message History

A film of ice covers your body! The death yak gores you!!
You hit the death yak. You headbutt the death yak.
The death yak is lightly wounded.
The death yak barely misses you. The death yak gores you!
You hit the death yak but do no damage.
The death yak is lightly wounded.
The death yak gores you!
You hit the death yak.
The death yak is moderately wounded.
You block the death yak's attack.
You hit the death yak but do no damage.
The death yak is moderately wounded.
You block the death yak's attack.
A quokka comes into view.
You slash the death yak!
You claw the death yak, but do no damage.
The death yak is moderately wounded.
The death yak gores you!!
You die...
Your body crumbles into a pile of gold.

.............###...[....###....#
..............#........## ##...##
≈.........[...........## ##...#
≈≈≈...(................## ##.....
≈≈≈....)................###......
#≈.....#...........<.....#.......
≈.....###........................
≈....## ##.....[.................
≈.... ##....[@.<..............
#≈... ##......Y<...............
≈.... ##.r......................
≈......#.........................
.......................#########.
......................## ##
....................## #
.............#......#
............###.....#


You could see a death yak and a quokka.

Vanquished Creatures
  A two-headed ogre (D:8)
  2 death yaks (D:8)
  A hippogriff (D:6)
  4 yaks (D:7)
  A water moccasin (D:8)
  2 ice beasts (D:5)
  3 phantoms
  2 sky beasts
  An ogre (D:8)
  2 centaurs
  Blork the orc (D:6)
  A bullfrog (D:6)
  2 scorpions (D:5)
  5 wights
  3 crimson imps
  A howler monkey (D:6)
  A bullfrog zombie (D:5)
  3 jellies
  2 hounds
  10 orc wizards
  3 orc priests
  2 iguanas (D:6)
  7 worker ants
  A worker ant zombie (D:6)
  3 gnolls (D:9)
  12 adders
  A shadow imp (D:5)
  2 oozes
  A worm (D:5)
  4 dart slugs
  5 leopard geckos
  30 orcs
  15 bats
  4 giant cockroaches
  6 goblins
  7 hobgoblins
  21 jackals
  4 kobolds
  4 quokkas
  2 ball pythons
  3 frilled lizards
  A jackal zombie (D:8)
  A quokka zombie (D:4)
  A rat (D:3)
  A rat zombie (D:4)
189 creatures vanquished.

Notes
Turn   | Place    | Note
-------+----------+-------------------------------------------
     0 | D:1      | MisterFreud the Demonspawn Ice Elementalist began the quest
                  | for the Orb.
     0 | D:1      | Reached XP level 1. HP: 13/13 MP: 3/3
    43 | D:1      | Reached skill level 1 in Fighting
   218 | D:1      | Gained mutation: You regenerate a little health from kills.
                  | [demonic ancestry]
   218 | D:1      | Reached XP level 2. HP: 21/22 MP: 1/5
   703 | D:1      | Gained mutation: You regenerate health from kills. [demonic
                  | ancestry]
   703 | D:1      | Reached XP level 3. HP: 28/28 MP: 6/6
   941 | D:1      | Learned a level 3 spell: Frozen Ramparts
  1987 | D:3      | Reached XP level 4. HP: 34/35 MP: 7/7
  2055 | D:3      | Learned a level 3 spell: Ozocubu's Armour
  2851 | D:3      | Noticed a phantom
  3001 | D:4      | Found a sand-covered staircase.
  3018 | Ossuary  | Entered an ossuary
  3112 | D:4      | Found a staircase to the Ecumenical Temple.
  3121 | Temple   | Entered the Ecumenical Temple
  3252 | Temple   | Became a worshipper of Gozag Ym Sagoz the Greedy
  3443 | D:4      | Found a sparkling altar of Nemelex Xobeh.
  3601 | D:4      | Got an encrusted helmet
  3612 | D:4      | Identified the +0 helmet of the Lion {Str+5} (You found it
                  | on level 4 of the Dungeon)
  3832 | D:4      | Learned a level 1 spell: Freeze
  3835 | D:4      | Noticed a phantom
  3884 | D:5      | Entered Level 5 of the Dungeon
  3884 | D:5      | Noticed a phantom
  3903 | D:5      | Noticed an ice beast
  3913 | D:5      | Reached skill level 3 in Spellcasting
  3913 | D:5      | Gained mutation: You are surrounded by a mild repulsion
                  | field. (EV +2) [demonic ancestry]
  3913 | D:5      | Reached XP level 5. HP: 32/41 MP: 9/9
  4048 | D:5      | Got a crystal war axe
  4053 | D:5      | Identified the +2 war axe of the Thieving Vulture {vorpal,
                  | MR+ Str+3 Dex-3} (You found it on level 5 of the Dungeon)
  4217 | D:5      | Killed a phantom
  4217 | D:5      | Reached skill level 1 in Axes
  4217 | D:5      | Reached skill level 4 in Spellcasting
  4217 | D:5      | Gained mutation: You regenerate a lot of health from kills.
                  | [demonic ancestry]
  4217 | D:5      | Reached XP level 6. HP: 12/47 MP: 12/12
  4647 | D:4      | HP: 1/47 [phantom (8)]
  4685 | D:4      | Gained mutation: You have a pair of small horns on your
                  | head. [potion of mutation]
  4685 | D:4      | Gained mutation: You tend to lose your temper in combat.
                  | [potion of mutation]
  4685 | D:4      | Gained mutation: Your mind is acute. (Int +2) [potion of
                  | mutation]
  4693 | D:4      | Lost mutation: You tend to lose your temper in combat.
                  | [potion of mutation]
  4693 | D:4      | Lost mutation: You have a pair of small horns on your head.
                  | [potion of mutation]
  4693 | D:4      | Lost mutation: Your mind is acute. (Int +2) [potion of
                  | mutation]
  4693 | D:4      | Gained mutation: You have sharp toenails. [potion of
                  | mutation]
  4693 | D:4      | Gained mutation: You are resistant to hostile enchantments.
                  | (MR+) [potion of mutation]
  4693 | D:4      | Gained mutation: You are frail. (-10% HP) [potion of
                  | mutation]
  4693 | D:4      | Gained mutation: You are covered in fur. (AC +1) [potion of
                  | mutation]
  4969 | D:3      | Found a hazy altar of Hepliaklqana.
  4992 | D:3      | Found a shattered altar of Ashenzari.
  5205 | D:3      | Reached skill level 5 in Ice Magic
  5287 | D:5      | Reached XP level 7. HP: 41/46 MP: 12/14
  5365 | D:5      | Reached skill level 5 in Spellcasting
  5507 | D:5      | Found Tiot's Jewellery Shoppe.
  5735 | D:5      | Found a snail-covered altar of Cheibriados.
  6114 | D:6      | Noticed a hippogriff
  6130 | D:6      | Killed a hippogriff
  6130 | D:6      | Reached skill level 6 in Spellcasting
  6130 | D:6      | Gained mutation: You have a pair of small horns on your
                  | head. [demonic ancestry]
  6130 | D:6      | Reached XP level 8. HP: 35/52 MP: 12/17
  6490 | D:6      | Reached skill level 7 in Spellcasting
  6660 | D:6      | Found a glowing silver altar of Zin.
  6660 | D:6      | Noticed an angel
  6672 | D:6      | Noticed Blork the orc
  6681 | D:6      | Killed Blork the orc
  6877 | D:7      | Reached skill level 8 in Spellcasting
  6877 | D:7      | Gained mutation: You have a pair of horns on your head.
                  | [demonic ancestry]
  6877 | D:7      | Reached XP level 9. HP: 44/56 MP: 19/21
  6877 | D:7      | Reached skill level 5 in Axes
  7132 | D:7      | Reached skill level 1 in Charms
  7175 | D:7      | Found a transporter.
  7267 | D:7      | Noticed an ancient zyme
  7521 | D:7      | Found a transporter.
  7536 | D:7      | Found a one-way gate to the infinite horrors of the Abyss.
  7992 | D:8      | Noticed a two-headed ogre
  8000 | D:8      | Killed a two-headed ogre
  8742 | D:9      | Got a polished chain mail
  8956 | D:9      | Reached XP level 10. HP: 65/65 MP: 22/22
  9019 | D:9      | Noticed a death yak
  9019 | D:9      | Noticed a death yak
  9030 | D:9      | Noticed a death yak
  9039 | D:8      | Killed a death yak
  9039 | D:8      | Reached skill level 5 in Fighting
  9170 | D:8      | Killed a death yak
  9170 | D:8      | Reached skill level 5 in Dodging
  9253 | D:9      | Slain by a death yak

Illustrated notes

Levels and vault maps discovered:
D:1:      eino_arrival_water_cross, layout_loops_corners, columned_hall_lemuel
D:2:      layout_basic, first_ration, minmay_distorted
D:3:      layout_basic, minitemple
D:4:      layout_gridville, nemelex_xobeh_ov_fountains_minmay,
          minmay_temple_entry_grid, enter_ossuary_4
D:5:      layout_cave_pools, kennysheep_slug_shrine, serial_shops,
          nicolae_shop_trees, hex_medium
D:6:      layout_basic, zin_angel, uniq_blork_the_orc
D:7:      layout_basic, gammafunk_ghost_abyssal_escape
D:8:      layout_basic
D:9:      layout_big_octagon, nicolae_qazlal_general_emergency,
          dpeg_lair_monsters, basic_altar, serial_gnoll_camp,
          gnoll_camp_mini_hut, gnoll_camp_mini_loothouse, gnoll_camp_medium_02,
          gnoll_camp_mini_hut
Temple:   eino_temple_scatter_basement

Skill      XL: |  1  2  3  4  5  6  7  8  9 10 |
---------------+-------------------------------+-----
Fighting       | 1 2 3 4 6 |  6.0
Ice Magic      | 4 5 6 |  6.0
Spellcasting   | 3 4 6 8 |  8.0
Axes           | 1 2 3 4 6 |  6.0
Dodging        | 3 5 |  5.4
Charms         | 2 |  2.0
Shields        | 3 4 |  4.0
Stealth        | |  1.7

Action                   |  1- 3 |  4- 6 |  7- 9 | 10-12 || total
-------------------------+-------+-------+-------+-------++-------
Melee: Unarmed           |     4 |       |       |       ||     4
       Dagger            |    14 |    34 |       |       ||    48
       War axe           |       |    71 |    96 |    30 ||   197
       Kick              |       |       |    18 |     6 ||    24
       Headbutt          |       |       |    10 |     5 ||    15
Throw: Boomerang         |       |     8 |       |       ||     8
       Throwing net      |       |       |     1 |       ||     1
 Cast: Freeze            |    49 |    15 |       |       ||    64
       Frozen Ramparts   |     2 |    13 |    47 |     2 ||    64
       Ozocubu's Armour  |       |       |     1 |     4 ||     5
  Use: Scroll            |       |     7 |    12 |       ||    19
       Potion            |       |     4 |       |       ||     4
 Stab: Sleeping          |     7 |     3 |       |       ||    10
       Distracted        |       |       |     1 |       ||     1
  Eat: Chunk             |     4 |     4 |       |       ||     8
       Ration            |       |     2 |     4 |       ||     6
Armor: Robe              |    23 |    21 |    18 |     4 ||    66
Dodge: Dodged            |    43 |    94 |    82 |    22 ||   241
Block: Buckler           |       |       |     3 |     9 ||    12
